 Dungeon Crawl Stone Soup version 0.28-b1-25-g9875b3fc8c (webtiles) character file.

Game seed: 11263036486597046600

17 Lathuz the Shield-Bearer (level 2, 0/19 HPs)
             Began as a Gargoyle Fighter on Feb 3, 2022.
             Killed from afar by Natasha (5 damage)
             ... with a magic dart
             ... on level 2 of the Dungeon.
             The game lasted 00:01:51 (442 turns).

Lathuz the Shield-Bearer (Gargoyle Fighter)          Turns: 442, Time: 00:01:52

Health: 0/19       AC: 12    Str: 19    XL:     2   Next: 62%
Magic:  2/2        EV:  7    Int:  8    God:
Gold:   10         SH:  4    Dex:  9    Spells: 1/1 levels left

rFire   . . .      SeeInvis .   a - +0 flail
rCold   . . .      Faith    .   c - +0 buckler
rNeg    + . .      Spirit   .   d - +0 chain mail
rPois   ∞          Reflect  .   (no helmet)
rElec   +          Harm     .   (no cloak)
rCorr   .          Rampage  .   (no gloves)
Will    .....                   (no boots)
Stlth   ..........              (no amulet)
HPRegen 0.06/turn               (no ring)
MPRegen 0.08/turn               (no ring)

@: slowed, very slow
A: sickness immunity, AC +2, negative energy resistance 1, electricity
resistance, torment resistance 1, petrification resistance
a: no special abilities


You were on level 2 of the Dungeon.
You visited 1 branch of the dungeon, and saw 2 of its levels.

You collected 10 gold pieces.

Inventory:

Hand Weapons
 a - a +0 flail (weapon)
Missiles
 e - 2 boomerangs (quivered)
Armour
 c - a +0 buckler (worn)
 d - a +0 chain mail (worn)
Potions
 b - a potion of heal wounds {unknown}
 M - a potion of might


   Skills:
 + Level 3.5 Fighting
 * Level 2.4 Maces & Flails
 + Level 3.5 Armour
 + Level 3.5 Shields


You had one spell level left.
You didn't know any spells.
Your spell library was empty.

Dungeon Overview and Level Annotations

Branches:
Dungeon (1/15)

Altars:

Annotations:
D:2 Natasha


Innate Abilities, Weirdness & Mutations

You are immune to sickness and miasma.
Your stone body is resilient. (AC +2)
You are immune to poison.
You resist negative energy. (rN+)
You are resistant to electric shocks. (rElec)
You are resistant to unholy torment.
You are immune to petrification.


Message History

You miss the adder.
The adder is heavily wounded.
You barely miss the adder.
The adder is heavily wounded.
You sock the adder!
You kill the adder!
You start resting.
HP restored.
Natasha and an endoplasm come into view.
Found 3 gold pieces.
Natasha hisses angrily.
The endoplasm quivers.
A goblin comes into view. It is wielding a +0 dagger.
The goblin shouts!
Found a bubbling pink potion and 14 gold pieces.
Natasha mumbles some strange words.
Natasha shimmers violently.
Found an emerald ring.
Found a curved glowing staff.
Natasha stares at you and mumbles some strange words.
The magic dart hits you!
You see here a bubbling pink potion.
You see here a ring of ice.
Natasha stares at you and mumbles some strange words.
The magic dart hits you.
* * * LOW HITPOINT WARNING * * *
You closely miss Natasha. You sock Natasha!
Natasha is almost dead.
Natasha casts a spell at you.
You feel yourself slow down.
You barely miss Natasha.
Natasha is almost dead.
Natasha claws you.
* * * LOW HITPOINT WARNING * * *
You closely miss Natasha.
Natasha is almost dead.
Natasha stares at you and mumbles some strange words. x2
The magic dart hits you.
You die...

....##......†#..##.#.....
#.?........†.........
######.######......
#.######..#.# #
#.....Jg...h# ..#
#$(.....######...###|.##
#.#####.# #####!.$....#
#.# #.hgJ=.......
#.####@#######.###
#..#...# # .......###
.....## .... ... .. .


You could see Natasha, an endoplasm and a goblin.

Vanquished Creatures
  An adder (D:2)
  A dart slug (D:1)
  A ball python (D:1)
  An endoplasm (D:2)
  2 hobgoblins
6 creatures vanquished.

Notes
Turn   | Place    | Note
-------+----------+-------------------------------------------
     0 | D:1      | Lathuz the Gargoyle Fighter began the quest for the Orb.
     0 | D:1      | Reached XP level 1. HP: 14/14 MP: 1/1
   316 | D:1      | You fall into a shaft and drop 1 floor!
   319 | D:2      | Reached XP level 2. HP: 19/19 MP: 2/2
   418 | D:2      | Noticed Natasha
   442 | D:2      | Killed from afar by Natasha

Illustrated notes

Levels and vault maps discovered:
D:1:      doesnt_arrival_eight_statues, layout_loops_ring,
          shapermc_ecumenical_altar_acropolis
D:2:      layout_rooms, uniq_natasha

Action                   || total
-------------------------++-------
Melee: Flail             ||    37
Armor: Chain mail        ||    18
Dodge: Dodged            ||    13
Block: Buckler           ||     6
